 Dungeon Crawl Stone Soup version 0.32-a0-768-g0f6f1dd4b9 (webtiles) character file.

Game seed: 862008332651703828

1974 Tarmogoyf the Covert (level 9, -1/74 HPs)
             Began as a Formicid Warper on Mar 18, 2024.
             Was a Follower of Cheibriados.
             Slain by an iguana (8 damage)
             ... on level 5 of the Dungeon.
             The game lasted 00:08:43 (6248 turns).

Tarmogoyf the Covert (Formicid Warper)              Turns: 6248, Time: 00:08:44

Health: -1/74      AC: 15    Str: 21    XL:     9   Next: 43%
Magic:  15/15      EV:  5    Int: 16    God:    Cheibriados [*.....]
Gold:   241        SH:  5    Dex: 18    Spells: 16/16 levels left

rFire   + . .        h - +0 scythe
rCold   . . .        (no shield)
rNeg    . . .        C - +0 plate armour
rPois   .            (helmet unavailable)
rElec   .            k - +0 cloak
rCorr   .            (no gloves)
SInv    +            (no boots)
Will    .....        B - amulet of reflection Stlth
                     n - +4 ring of protection
HPRegen 0.32/turn    y - ring of protection from fire
MPRegen 0.14/turn

%: reflection
@: very slow
A: permanent stasis, dig shafts and tunnels, antennae 3, four strong arms
a: Dig, Shaft Self, Renounce Religion, Bend Time


You were on level 5 of the Dungeon.
You worshipped Cheibriados.
Cheibriados was aware of your devotion.
You visited 2 branches of the dungeon, and saw 7 of its levels.

You collected 296 gold pieces.
You spent 55 gold pieces at shops.

Inventory:

Hand Weapons
 a - a +0 spear
 h - a +0 scythe (weapon)
Missiles
 c - 11 darts of dispersal (quivered)
 t - a throwing net
 z - 8 poisoned darts
Armour
 k - a +0 cloak (worn)
 C - a +0 plate armour (worn)
Jewellery
 n - a +4 ring of protection (left hand)
 y - a ring of protection from fire (right hand)
 B - an amulet of reflection (around neck)
Wands
 b - a wand of flame (51)
 d - a wand of warping (8)
 i - a wand of polymorph (3)
Scrolls
 g - a scroll of fear
 j - 2 scrolls of blinking {@r4}
 p - a scroll of noise
 q - a scroll of revelation {@r5}
 r - a scroll of teleportation {@r3}
 s - 2 scrolls of amnesia {unknown}
 u - a scroll of immolation {unknown}
 x - a scroll of poison {unknown}
Potions
 f - a potion of cancellation {unknown}
 l - 3 potions of lignification
 m - a potion of mutation {unknown}
 o - a potion of attraction {unknown}
 v - a potion of degeneration {unknown}
 w - a potion of brilliance {unknown}
 A - 2 potions of might {unknown}


   Skills:
 - Level 8.0 Fighting
 - Level 5.0 Polearms
 - Level 1.0 Throwing
 - Level 1.1 Armour
 - Level 1.7 Dodging
 - Level 8.0 Stealth
 - Level 4.0 Spellcasting
 + Level 4.6 Translocations


You had 16 spell levels left.
You didn't know any spells.
Your spell library contained the following spells:

 Spells                   Type           Power      Damage    Failure   Level
 Lesser Beckoning         Tloc           36%        N/A       75%         2
 Teleport Other           Tloc           18%        N/A       92%         3
 Summon Ice Beast         Ice/Summ       3%         N/A       100%        3
 Leda's Liquefaction      Alch/Erth      1%         N/A       100%        4
 Manifold Assault         Tloc           18%        N/A       100%        4
 Petrify                  Alch/Erth      3%         N/A       100%        4
 Metabolic Englaciation   Hex/Ice        1%         N/A       100%        5
 Summon Mana Viper        Hex/Summ       3%         N/A       100%        5
 Monstrous Menagerie      Summ           1%         N/A       100%        7
 Blink                    Tloc           Unusable   N/A       N/A         2
 Vhi's Electric Charge    Tloc/Air       Unusable   N/A       N/A         4

Dungeon Overview and Level Annotations

Branches:
Dungeon (6/15)             Temple (1/1) D:4

Altars:
Cheibriados
Dithmenos
Elyvilon
Fedhas
Gozag
Hepliaklqana
Kikubaaqudgha
Makhleb
Nemelex Xobeh
Okawaru
Qazlal
Ru
Sif Muna
Trog
Uskayaw
Vehumet
Wu Jian
Xom
Yredelemnul
Zin
The Shining One

Shops:
D:4 ?   D:5 *:*

Annotations:
D:3 1 runed translucent door, Crazy Yiuf
D:6 1 runed translucent door, starts1789's ghost, novice GrEE


Innate Abilities, Weirdness & Mutations

You cannot be hasted, slowed, berserked, paralysed or teleported.
You can dig through walls and to a lower floor.
You have a pair of large antennae on your head. (SInv)
Your four strong arms can wield two-handed weapons with a shield.


Message History

You feel sick. The white imp barely misses you. The iguana bites you.
* * * LOW HITPOINT WARNING * * *
The white imp hits you but does no damage.
The iguana bites you!
* * * LOW HITPOINT WARNING * * *
Unknown command.
You feel better. You block the white imp's attack.
The iguana bites you but does no damage.
You feel better.
The white imp hits you but does no damage.
You block the iguana's attack.
You closely miss the iguana.
The iguana is almost dead.
The white imp hits you.
* * * LOW HITPOINT WARNING * * *
The white imp freezes you.
* * * LOW HITPOINT WARNING * * *
The iguana closely misses you.
You hit the iguana but do no damage.
The iguana is almost dead.
The white imp closely misses you.
The iguana bites you but does no damage.
You barely miss the iguana.
The iguana is almost dead.
The white imp hits you but does no damage.
The iguana closely misses you.
You hit the iguana but do no damage.
The iguana is almost dead.
The white imp hits you but does no damage.
The iguana bites you.
* * * LOW HITPOINT WARNING * * *
You block the white imp's attack.
The iguana bites you but does no damage.
Unknown command.
You closely miss the iguana.
The iguana is almost dead.
The white imp gestures at you. The puff of frost misses you.
The iguana bites you!
You die...
Cheibriados appreciates the motionlessness of death.

##### #...# #.#.#
#.#.############
#.#.............
#.##############
#...............
################..
#@5...............
#l######.#######..
#.# #..........
#.# #.#######..
#.# #.# #<... #.#
#.# ##... #.#
#.######.## #.#
#........# #.#
###########


You could see an iguana and a white imp.

Vanquished Creatures
  Grinder (D:5)
  Sigmund (D:2)
  A water moccasin (D:5)
  A sky beast (D:5)
  2 ice beasts (D:5)
  A centaur (D:5)
  A phantom (D:4)
  3 scorpions
  A howler monkey (D:4)
  3 bombardier beetles
  2 orc priests
  5 hounds
  A sleepcap (D:5)
  Jessica (D:2)
  5 iguanas
  Natasha (thrice) (D:2)
  2 orc wizards (D:3)
  Robin (D:4)
  4 gnolls
  12 adders
  A ribbon worm (D:3)
  A dart slug (D:4)
  13 orcs
  7 bats
  10 endoplasms
  2 giant cockroaches
  11 goblins
  7 hobgoblins
  2 jackals (D:2)
  5 quokkas
  4 ball pythons
  3 frilled lizards
  7 kobolds
  6 rats
130 creatures vanquished.

Notes
Turn   | Place    | Note
-------+----------+-------------------------------------------
     0 | D:1      | Tarmogoyf the Formicid Warper began the quest for the Orb.
     0 | D:1      | Reached XP level 1. HP: 16/16 MP: 3/3
   155 | D:1      | Reached skill level 1 in Stealth
   155 | D:1      | Reached XP level 2. HP: 21/23 MP: 5/5
  1025 | D:2      | Noticed Natasha
  1042 | D:2      | HP: 1/23 [Natasha (4)]
  1043 | D:2      | Killed Natasha
  1044 | D:2      | Reached XP level 3. HP: 2/29 MP: 6/6
  1054 | D:2      | Reached XP level 4. HP: 13/35 MP: 7/7
  1176 | D:2      | Noticed Natasha
  1195 | D:2      | Killed Natasha
  1241 | D:2      | Noticed Natasha
  1243 | D:2      | Noticed Jessica
  1264 | D:2      | Killed Natasha
  1265 | D:2      | Reached XP level 5. HP: 11/41 MP: 8/8
  1286 | D:2      | Killed Jessica
  1433 | D:2      | Noticed Sigmund
  1461 | D:2      | Killed Sigmund
  1462 | D:2      | Reached XP level 6. HP: 40/49 MP: 9/9
  1953 | D:3      | Reached XP level 7. HP: 55/55 MP: 10/10
  2054 | D:3      | Found an ornate altar of the Wu Jian Council.
  2165 | D:3      | Reached skill level 5 in Stealth
  2262 | D:3      | Reached skill level 5 in Fighting
  2565 | D:3      | Found a runed translucent door.
  2566 | D:3      | Noticed Crazy Yiuf
  3367 | D:4      | Reached skill level 5 in Polearms
  3367 | D:4      | Reached XP level 8. HP: 62/63 MP: 11/11
  3747 | D:4      | Noticed Robin
  3755 | D:4      | Killed Robin
  4194 | D:4      | Found a staircase to the Ecumenical Temple.
  4222 | Temple   | Found a transporter.
  4222 | Temple   | Found a transporter.
  4222 | Temple   | Found a transporter.
  4222 | Temple   | Found a transporter.
  4222 | Temple   | Entered the Ecumenical Temple
  4234 | Temple   | Became a worshipper of Cheibriados the Contemplative
  4289 | D:4      | Found Ucedweek's Magic Scroll Shop.
  4562 | D:5      | Entered Level 5 of the Dungeon
  4958 | D:5      | Found Kenewiv's General Store.
  5004 | D:5      | Bought a potion of curing for 33 gold pieces
  5004 | D:5      | Bought a scroll of identify for 22 gold pieces
  5191 | D:5      | Reached * piety under Cheibriados
  5192 | D:5      | Reached XP level 9. HP: 31/74 MP: 12/12
  5237 | D:5      | Found Qoaruzxo's Overcharged Wands.
  5327 | D:5      | Noticed Grinder
  5333 | D:5      | Killed Grinder
  5470 | D:5      | Found Xuisi's Book Emporium.
  6096 | D:6      | Found a shimmering altar of Xom.
  6182 | D:6      | Found a runed translucent door.
  6182 | D:6      | Noticed starts1789's ghost (novice GrEE)
  6241 | D:5      | HP: 2/74 [iguana (8)]
  6248 | D:5      | Slain by an iguana

Illustrated notes

Levels and vault maps discovered:
D:1:      lightli_arrival_maybe_door_vault, layout_loops_ring, serial_forest,
          infiniplex_forest_lined_ring, infiniplex_forest_clump_double,
          infiniplex_forest_corner_2, infiniplex_forest_straight_2,
          infiniplex_forest_corner_1, infiniplex_forest_clump_curved,
          minmay_parallelograms, minmay_misc_feat_doors, minmay_statues_item,
          minivault_11
D:2:      minmay_alternating_diamond, layout_rooms, uniq_sigmund, uniq_natasha,
          uniq_jessica
D:3:      layout_basic, nicolae_wu_jian_wuxing_cycle, minmay_starry_boxes,
          uniq_crazy_yiuf_cottage
D:4:      layout_basic, minmay_temple_entry_sparse_star, serial_shops, shop,
          uniq_robin
D:5:      layout_basic, serial_shops, nicolae_shop_back_alley_shop, shop,
          eino_small_chamber_without_monster, serial_bayou_lagoon_a,
          nicolae_shop_overcharged_wands, uniq_grinder
D:6:      layout_rooms, mainiacjoe_overflow_small_starburst,
          hellmonk_ghost_happy_afterlife
Temple:   hellmonk_temple_divided_pantheon

Skill      XL: |  1  2  3  4  5  6  7  8  9 |
---------------+----------------------------+-----
Stealth        | 1 2 3 4 6 8 |  8.0
Fighting       | 3 4 5 7 8 |  8.0
Polearms       | 3 4 5 |  5.0
Spellcasting   | 4 |  4.0
Translocations | 4 |  4.6
Throwing       | |  1.0
Armour         | |  1.1
Dodging        | |  1.7

Action                     |  1- 3 |  4- 6 |  7- 9 || total
---------------------------+-------+-------+-------++-------
  Melee: Spear             |    93 |    87 |       ||   180
         Halberd           |       |    44 |   369 ||   413
Ability: Dig               |     1 |       |       ||     1
  Evoke: Wand              |       |     5 |     6 ||    11
    Use: Potion            |     1 |     3 |     4 ||     8
         Scroll            |       |       |     5 ||     5
   Stab: Sleeping          |     1 |     3 |     5 ||     9
         Distracted        |       |       |     2 ||     2
 Armour: Leather armour    |    21 |       |       ||    21
         Ring mail         |    34 |    86 |   184 ||   304
         Skin              |       |    15 |    32 ||    47
         Plate armour      |       |       |   192 ||   192
         Chain mail        |       |       |    23 ||    23
  Dodge: Dodged            |    43 |    65 |   157 ||   265
  Block: Other             |       |       |    13 ||    13
         Reflection        |       |       |     1 ||     1

Table legend: (Time is in decaauts)
 A = Elapsed time spent in this place.
 B = Non-inter-level travel time spent in this place.
 C = Inter-level travel time spent in this place.
 D = Time resting spent in this place.
 E = Time spent auto-exploring this place.
 F = Levels seen in this place.
 G = Mean time per level.
                   A        B        C        D        E       F      G
               +--------+--------+--------+--------+--------+-----+--------+
         Total |   6768 |   6438 |    330 |   1018 |   4099 |   7 |  966.9 |
       Dungeon |   6733 |   6429 |    304 |   1018 |   4099 |   6 | 1122.2 |
        Temple |     34 |      8 |     26 |      0 |      0 |   1 |   34.0 |
               +--------+--------+--------+--------+--------+-----+--------+

Top non-repeatable levels by time:
     D:5: 1751 daAuts
     D:4: 1448 daAuts
     D:3: 1424 daAuts
     D:2: 971 daAuts
     D:1: 933 daAuts
     D:6: 205 daAuts
  Temple: 34 daAuts
